 Dungeon Crawl Stone Soup version 0.25-a0-577-ga4619f409e (webtiles) character file.

Game seed: 2285655348779548222, levelgen mode: deterministic

33 Flugslaktarn the Shield-Bearer (level 3, -6/33 HPs)
             Began as a Minotaur Fighter on Mar 2, 2020.
             Mangled by a water moccasin (7 damage)
             ... on level 3 of the Dungeon.
             The game lasted 00:00:27 (421 turns).

Flugslaktarn the Shield-Bearer (Minotaur Fighter)    Turns: 421, Time: 00:00:28

Health: -6/33      AC:  7    Str: 21    XL:     3   Next: 12%
Magic:  2/2        EV:  7    Int:  5    God:
Gold:   39         SH:  9    Dex:  9    Spells: 2/2 levels left

rFire    . . .     SeeInvis .   a - +0 war axe
rCold    . . .     Gourm    .   c - +0 kite shield
rNeg     . . .     Faith    .   b - +0 scale mail
rPois    .         Spirit   .   (helmet restricted)
rElec    .         Reflect  .   (no cloak)
rCorr    .         Harm     .   (no gloves)
MR       .....                  (no boots)
Stlth    ..........             (no amulet)
HPRegen  0.11/turn              (no ring)
MPRegen  0.08/turn              (no ring)

@: lethally poisoned (-6 -> -13)
A: retaliatory headbutt, horns 2
a: no special abilities


You were on level 3 of the Dungeon.
You were not hungry.

You visited 1 branch of the dungeon, and saw 3 of its levels.

You collected 39 gold pieces.

Inventory:

Hand Weapons
 a - a +0 war axe (weapon)
Armour
 b - a +0 scale mail (worn)
 c - a +0 kite shield (worn)
Jewellery
 l - a cursed ring of attention {unknown}
   (You found it on level 3 of the Dungeon)
Wands
 j - a wand of iceblast (5)
   (You found it on level 2 of the Dungeon)
Scrolls
 f - a scroll of remove curse {unknown}
 g - a scroll of blinking {unknown}
 h - a scroll of magic mapping {unknown}
Potions
 d - a potion of might
Comestibles
 e - 2 rations
 i - 6 chunks of flesh


   Skills:
 + Level 4.0 Fighting
 * Level 3.4 Axes
 + Level 4.0 Armour
 + Level 4.0 Shields


You had 2 spell levels left.
You didn't know any spells.
Your spell library was empty.

Dungeon Overview and Level Annotations

Branches:
Dungeon (3/15)

Altars:
Ashenzari


Innate Abilities, Weirdness & Mutations

You reflexively headbutt those who attack you in melee.
You have a pair of horns on your head.


Message History

Your headbutt misses the water moccasin.
The water moccasin is moderately wounded.
* * * LOW HITPOINT WARNING * * *
You feel sick.
You block the water moccasin's attack. x2
You closely miss the water moccasin. You headbutt the water moccasin.
The water moccasin is moderately wounded.
* * * LOW HITPOINT WARNING * * *
You feel sick. The water moccasin bites you.
* * * LOW HITPOINT WARNING * * *
The water moccasin closely misses you.
Unknown command.
It was a potion of cancellation.
You feel magically purged. The water moccasin closely misses you.
Unknown command.
You slash the water moccasin!
The water moccasin is severely wounded.
* * * LOW HITPOINT WARNING * * *
You feel sick. The water moccasin barely misses you.
The water moccasin bites you!
You die...

......##.....#####.#.#
...................#.
#####........# #....
#.#......# #...#
#.#.##.### #...#
#.#.##.# #...#
#.#.##>#####...#
#.#.##......S..#
#.#.########@..# ...
#.#.# .. #..†..#
....##..# ...#.# ..#
.. #. ..# # ..# ..#
%.#


You could see a water moccasin.

Vanquished Creatures
  An adder (D:2)
  An ooze (D:1)
  A dart slug (D:1)
  A ball python (D:2)
  2 goblins (D:3)
  2 hobgoblins
  3 jackals (D:2)
  A kobold (D:2)
  A bat (D:2)
  2 frilled lizards (D:1)
  3 rats
18 creatures vanquished.

Notes
Turn   | Place    | Note
-------+----------+-------------------------------------------
     0 | D:1      | Flugslaktarn the Minotaur Fighter began the quest for the
                  | Orb.
     0 | D:1      | Reached XP level 1. HP: 19/19 MP: 0/0
   152 | D:1      | Reached XP level 2. HP: 27/27 MP: 1/1
   317 | D:2      | Reached XP level 3. HP: 33/33 MP: 2/2
   373 | D:3      | Found a shattered altar of Ashenzari.
   410 | D:3      | Noticed a water moccasin
   421 | D:3      | HP: 1/33 [poisoned by a water moccasin]
   421 | D:3      | Mangled by a water moccasin

Levels and vault maps discovered:
D:1:      dpeg_arrival_concentric_ovals, layout_loops_corners
D:2:      layout_basic, first_ration, minmay_octomino_j4
D:3:      layout_loops_ring, old_standard_altar, trog_butcher_becter, uniq_robin

Skill      XL: |  1  2  3 |
---------------+----------+-----
Axes           | 3 |  3.4
Shields        | 4 |  4.0
Fighting       | 4 |  4.0
Armour         | 4 |  4.0

Action                   || total
-------------------------++-------
Melee: War axe           ||    49
       Headbutt          ||     4
  Use: Potion            ||     1
Armor: Scale mail        ||    16
Dodge: Dodged            ||    16
Block: Kite shield       ||    29

Table legend:
 A = Non-vault XP
 B = Vault XP
 C = Vault XP percentage of total XP
 D = Non-vault monster count
 E = Vault monster count
 F = Vault count percentage of total count
                 A         B        C        D         E       F
            +---------+---------+-------+---------+---------+-------
      Total |      48 |       0 |   0.0 |      18 |       0 |   0.0
            +---------+---------+-------+---------+---------+-------
        D:1 |      16 |       0 |   0.0 |       6 |       0 |   0.0
        D:2 |      25 |       0 |   0.0 |       8 |       0 |   0.0
        D:3 |       7 |       0 |   0.0 |       4 |       0 |   0.0
            +---------+---------+-------+---------+---------+-------
